 Dungeon Crawl Stone Soup version 0.20.0-8-g6b59dc7 (webtiles) character file.

27 Kosschaser the Charmwright (level 3, 0/22 HPs)
             Began as a Gargoyle Skald on May 30, 2017.
             Slain by a goblin
             ... wielding a +0 dagger
              (2 damage)
             ... on level 2 of the Dungeon.
             The game lasted 00:02:02 (1270 turns).

Kosschaser the Charmwright (Gargoyle Skald)         Turns: 1270, Time: 00:02:03

Health: 0/22       AC:  6    Str: 14    XL:     3   Next: 10%
Magic:  2/6        EV: 11    Int: 13    God:
Gold:   24         SH:  0    Dex: 10    Spells: 5/6 levels left

rFire    . . .     SeeInvis .   a - +0 mace
rCold    . . .     Gourm    .   (no shield)
rNeg     + . .     Faith    .   b - +0 leather armour
rPois    ∞         Spirit   .   (no helmet)
rElec    +         Reflect  .   (no cloak)
rCorr    .         Harm     .   (no gloves)
MR       .....                  (no boots)
Stlth    +.........             (no amulet)
Regen    0.1/turn               (no ring)
MPRegen  0.1/turn               (no ring)

@: no status effects
A: negative energy resistance 1, electricity resistance, unbreathing,
petrification resistance, rot immunity, AC +3
a: no special abilities


You were on level 2 of the Dungeon.
You were not hungry.

You visited 1 branch of the dungeon, and saw 2 of its levels.

You collected 24 gold pieces.

Inventory:

Hand Weapons
 a - a +0 mace (weapon)
Armour
 b - a +0 leather armour (worn)
Scrolls
 e - a scroll of teleportation {unknown}
 g - 2 scrolls of identify {unknown}
 h - a scroll of fear {unknown}
Potions
 i - a potion of ambrosia {unknown}
 j - a potion of invisibility {unknown}
Books
 c - a book of Battle

   Spells                             Type                      Level
   a - Infusion                       Charms                       1
   b - Shroud of Golubria             Charms/Translocation         2
   c - Song of Slaying                Charms                       2
   d - Spectral Weapon                Hexes/Charms                 3
   e - Regeneration                   Charms/Necromancy            3
Comestibles
 d - 2 bread rations
 f - a meat ration
 k - a chunk of flesh


   Skills:
 + Level 2.5 Fighting
 + Level 2.3 Maces & Flails
 + Level 1.3 Armour
 * Level 1.9 Dodging
 + Level 2.1 Spellcasting
 + Level 3.0 Charms


You had 5 spell levels left.
You knew the following spells:

 Your Spells              Type           Power        Failure   Level  Hunger
a - Infusion              Chrm           #...         9%          1    ##.....


Dungeon Overview and Level Annotations

Branches:
Dungeon (2/15)

Altars:

Annotations:
D:2 Robin


Innate Abilities, Weirdness & Mutations

You are resistant to torment.
Your stone body is resilient. (AC +3)
You are immune to poison.
You resist negative energy. (rN+)
You are resistant to electric shocks. (rElec)
You can survive without breathing.
You are immune to petrification.
You are immune to rotting.


Message History

Robin hits you but does no damage. The goblin misses you. The rat bites you.
* * * LOW HITPOINT WARNING * * *
The goblin hits you but does no damage.
Okay, then.
Okay, then.
You hit Robin.
Robin is heavily wounded.
You are no longer magically infusing your attacks.
The goblin hits you but does no damage. Robin closely misses you.
The rat closely misses you. The goblin hits you with a club.
* * * LOW HITPOINT WARNING * * *
The goblin hits you but does no damage.
Robin roars a battlecry!
The goblins go into a battle-frenzy!
You hit Robin.
Robin is severely wounded.
The rat bites you but does no damage. The goblin hits you with a club.
* * * LOW HITPOINT WARNING * * *
The goblin hits you with a dagger.
You die...

.# .# .# r#
.# ## # .#$
#g##.# #..rg#
####@#
#....gg......
#.###.##..##.
#.# .# #.# #
#.# ..# ###


You could see Robin, a hobgoblin, 2 goblins and a rat.

Vanquished Creatures
  3 goblins (D:1)
  6 hobgoblins
  7 jackals (D:1)
  A kobold (D:1)
  2 frilled lizards (D:1)
  3 rats (D:1)
22 creatures vanquished.

Notes
Turn   | Place    | Note
-------+----------+-------------------------------------------
     0 | D:1      | Kosschaser the Gargoyle Skald began the quest for the Orb.
     0 | D:1      | Reached XP level 1. HP: 12/12 MP: 3/3
    54 | D:1      | Reached XP level 2. HP: 5/18 MP: 0/5
   537 | D:1      | Reached skill level 3 in Charms
   997 | D:2      | Noticed Robin
  1085 | D:1      | Reached XP level 3. HP: 9/22 MP: 4/6
  1270 | D:2      | Slain by a goblin

Skill      XL: |  1  2 |
---------------+-------+-----
Charms         | 3 |  3.0
Fighting       | |  2.5
Maces & Flails | |  2.3
Armour         | |  1.3
Dodging        | |  1.9
Spellcasting   | |  2.1

Action                   || total
-------------------------++-------
Melee: Mace              ||    89
 Cast: Infusion          ||     3
  Eat: Chunk             ||     1
Armor: Leather armour    ||    59
Dodge: Dodged            ||    87
